 Dungeon Crawl Stone Soup version 0.28.0-43-g3370ac3207 (webtiles) character file.

Game seed: 9301514642786048738

1423 DoubleLucky the Firebug (level 8, -6/58 (62) HPs)
             Began as a Pale Draconian Fire Elementalist on Feb 28, 2022.
             Was an Initiate of Vehumet.
             Mangled by an orc warrior
             ... wielding a +1 mace of draining
              (11 damage)
             ... on level 8 of the Dungeon.
             The game lasted 00:27:35 (8506 turns).

DoubleLucky the Firebug (DrFE)                      Turns: 8506, Time: 00:27:36

HP:   -6/58 (62)    AC:  7    Str: 11    XL:     8   Next: 44%
MP:   9/15          EV: 12    Int: 17    God:    Vehumet [......]
Gold: 457           SH:  0    Dex: 12    Spells: 11/17 levels left

rFire   + . .      SeeInvis .   x - staff of fire
rCold   . . .      Faith    .   (no shield)
rNeg    . . .      Spirit   .   (armour unavailable)
rPois   .          Reflect  .   (helmet restricted)
rElec   .          Harm     .   (no cloak)
rCorr   .          Rampage  .   B - +0 pair of gloves
Will    .....                   (no boots)
Stlth   ++........              (no amulet)
HPRegen 0.19/turn               (no ring)
MPRegen 0.14/turn               (no ring)

@: drained
A: breathe steam, AC +6, unfitting armour, cold-blooded, steam resistance
a: Breathe Steam, Renounce Religion


You were on level 8 of the Dungeon.
You worshipped Vehumet.
Vehumet was noncommittal.
You visited 2 branches of the dungeon, and saw 9 of its levels.

You collected 457 gold pieces.

Inventory:

Hand Weapons
 e - a +0 dagger
 w - a +1 dagger of speed
Missiles
 a - 276 stones
 c - 5 curare-tipped darts
 o - 11 poisoned darts
Armour
 B - a +0 pair of gloves (worn)
Magical Staves
 x - a staff of fire (weapon)
Jewellery
 q - a ring of positive energy
 r - a ring of wizardry
Wands
 A - a wand of polymorph (7)
Scrolls
 b - 4 scrolls of fog
 h - 4 scrolls of teleportation
 k - 5 scrolls of magic mapping
 l - 2 scrolls of enchant armour
 v - 2 scrolls of amnesia
 y - a scroll of identify
 z - a scroll of silence {unknown}
 C - a scroll of summoning {unknown}
Potions
 d - a potion of lignification {unknown}
 f - 4 potions of curing
 g - a potion of degeneration {unknown}
 i - a potion of mutation {unknown}
 j - a potion of magic {unknown}
 m - a potion of haste {unknown}
 n - a potion of berserk rage {unknown}
 p - a potion of brilliance {unknown}
 s - 3 potions of attraction
 t - a potion of heal wounds {unknown}
 u - a potion of resistance {unknown}


   Skills:
 + Level 2.8 Fighting
 - Level 1.8 Dodging
 - Level 1.8 Stealth
 - Level 5.0 Spellcasting
 + Level 6.1 Conjurations
 + Level 7.5 Fire Magic


You had 11 spell levels left.
You knew the following spells:

 Your Spells              Type           Power      Damage    Failure   Level
a - Foxfire               Conj/Fire      100%       2x1d9     1%          1
b - Scorch                Fire           88%        2d9       1%          2
c - Conjure Flame         Conj/Fire      41%        6-21      2%          3

Your spell library contained the following spells:

 Spells                   Type           Power      Damage    Failure   Level
 Inner Flame              Hex/Fire       25%        N/A       9%          3
 Flame Wave               Conj/Fire      41%        2d9       9%          4
 Dazzling Flash           Conj/Hex       28%        N/A       12%         3
 Tukima's Dance           Hex            4%         N/A       38%         3
 Iskenderun's Mystic Bla  Conj/Tloc      14%        2d5       38%         4
 Passage of Golubria      Tloc           4%         N/A       80%         4
 Starburst                Conj/Fire      20%        6d7       80%         6
 Silence                  Hex/Air        2%         N/A       98%         5
 Yara's Violent Unravell  Hex/Tmut       2%         3d3       98%         5
 Lehudib's Crystal Spear  Conj/Erth      7%         10d3      100%        8


Dungeon Overview and Level Annotations

Branches:
Dungeon (8/15)             Temple (1/1) D:6            Lair (0/6) D:8

Altars:
Cheibriados
Elyvilon
Fedhas
Hepliaklqana
Okawaru
Vehumet
Wu Jian

Shops:
D:8 *


Innate Abilities, Weirdness & Mutations

You can breathe blasts of scalding, opaque steam.
Your pale cyan-grey scales are hard. (AC +6)
You cannot fit into any form of body armour.
You are cold-blooded and may be slowed by cold attacks.
You are immune to the effects of steam.


Message History

The orc warrior's fire resistance burns away.
The foxfire hits the orc warrior but does no damage.
The orc warrior is heavily wounded.
The foxfire hits the orc warrior but does no damage.
The orc warrior is heavily wounded.
The orc warrior closely misses you.
Casting: Scorch (safe; 1% risk of failure)
Confirm with . or Enter, or press ? or * to list all spells.
You feel a surge of power!
You conjure some foxfire!
The orc warrior barely misses you.
Casting: Foxfire (safe; 1% risk of failure)
Confirm with . or Enter, or press ? or * to list all spells.
You feel a surge of power!
You conjure some foxfire!
The foxfire hits the orc warrior but does no damage.
The orc warrior is heavily wounded.
The foxfire hits the orc warrior but does no damage.
The orc warrior is heavily wounded.
The orc warrior hits you with a +1 mace of draining!
You feel drained.
* * * LOW HITPOINT WARNING * * *
Casting: Foxfire (safe; 1% risk of failure)
Confirm with . or Enter, or press ? or * to list all spells.
You feel a surge of power!
You conjure some foxfire!
The foxfire hits the orc warrior but does no damage.
The orc warrior is heavily wounded.
The foxfire hits the orc warrior but does no damage.
The orc warrior is heavily wounded.
The orc warrior hits you with a +1 mace of draining!
* * * LOW HITPOINT WARNING * * *
You feel drained.
* * * LOW HITPOINT WARNING * * *
The foxfire hits the orc warrior but does no damage.
The orc warrior is heavily wounded.
The foxfire hits the orc warrior!
The orc warrior is burned terribly!
The orc warrior is severely wounded.
Casting: Foxfire (safe; 1% risk of failure)
Confirm with . or Enter, or press ? or * to list all spells.
You feel a surge of power!
You conjure some foxfire!
The orc warrior hits you with a +1 mace of draining!
You die...

....... #.....# ######'###
.....## #.....########.##
..... ######.............#
###.>#####..#######..#
#............# #..#
#............# #..#
#............# #..##
#.......v....## #...
#.......v@o...#####.######
#........................$
#..............####.#####.
#..............#..........
##############.#.##.#####.
#.......# #).#<...#
#...##..# #.#.##..#


You could see an orc warrior (combustible, ally target).

Vanquished Creatures
  A steam dragon (D:7)
  Menkaure (D:7)
  An acid dragon (D:7)
  2 ogres (D:4)
  2 phantoms
  A gnoll sergeant (D:6)
  A wyvern skeleton (D:7)
  A water moccasin skeleton (D:5)
  A bullfrog zombie (D:5)
  3 hounds
  A centaur zombie (D:8)
  A jelly (D:4)
  A centaur skeleton (D:7)
  A bullfrog skeleton (D:6)
  3 iguanas
  Robin (D:3)
  A howler monkey skeleton (D:6)
  4 adders (D:4)
  3 gnolls (D:6)
  3 shadow imps
  3 ufetubi
  An adder skeleton (D:4)
  2 worms
  3 dart slugs
  8 orcs
  9 ball pythons
  8 bats
  3 endoplasms
  4 giant cockroaches
  12 goblins
  13 hobgoblins
  11 jackals
  5 kobolds
  4 quokkas
  A jackal skeleton (D:4)
  7 rats
127 creatures vanquished.

Vanquished Creatures (others)
  448 foxfires
448 creatures vanquished.

Grand Total: 575 creatures vanquished

Notes
Turn   | Place    | Note
-------+----------+-------------------------------------------
     0 | D:1      | DoubleLucky the Draconian Fire Elementalist began the quest
                  | for the Orb.
     0 | D:1      | Reached XP level 1. HP: 14/14 MP: 3/3
   267 | D:1      | Reached XP level 2. HP: 20/20 MP: 0/5
  1100 | D:1      | You fall into a shaft and drop 1 floor!
  1102 | D:2      | Reached XP level 3. HP: 26/26 MP: 6/6
  2163 | D:2      | Reached XP level 4. HP: 33/33 MP: 6/8
  2821 | D:3      | Learned a level 2 spell: Scorch
  2839 | D:3      | Noticed Robin
  2897 | D:3      | Killed Robin
  3204 | D:3      | Reached skill level 4 in Fire Magic
  3632 | D:4      | Noticed an ogre
  3684 | D:4      | Noticed a phantom
  3839 | D:4      | Reached XP level 5. HP: 38/38 MP: 4/9
  4045 | D:4      | Killed a phantom
  4128 | D:4      | Found Xastrohegg's Jewellery Shoppe.
  4277 | D:4      | Noticed an ogre
  4285 | D:4      | Killed an ogre
  4286 | D:4      | Reached XP level 6. HP: 45/45 MP: 6/11
  4557 | D:4      | Reached skill level 5 in Fire Magic
  4875 | D:5      | Entered Level 5 of the Dungeon
  4912 | D:5      | Learned a level 3 spell: Conjure Flame
  5278 | D:5      | Your scales start taking on a pale cyan-grey colour.
  5278 | D:5      | Reached XP level 7. HP: 50/50 MP: 7/13
  5278 | D:5      | Gained mutation: You are immune to the effects of steam.
                  | [Pale Draconian growth]
  5321 | D:5      | Found an ornate altar of the Wu Jian Council.
  5515 | D:5      | Reached skill level 6 in Fire Magic
  6257 | D:6      | Found a staircase to the Ecumenical Temple.
  6263 | Temple   | Entered the Ecumenical Temple
  6269 | Temple   | Became a worshipper of Vehumet
  6435 | D:6      | Reached skill level 5 in Conjurations
  6450 | D:6      | Reached skill level 5 in Spellcasting
  7071 | D:7      | Noticed a steam dragon
  7583 | D:7      | Noticed Menkaure
  7589 | D:7      | Killed Menkaure
  7590 | D:7      | Reached skill level 1 in Fighting
  7590 | D:7      | Reached skill level 7 in Fire Magic
  7590 | D:7      | Reached XP level 8. HP: 59/59 MP: 8/15
  8265 | D:8      | Found Utenotsa's General Store.
  8296 | D:8      | Found a staircase to the Lair.
  8506 | D:8      | Mangled by an orc warrior

Illustrated notes

Levels and vault maps discovered:
D:1:      dpeg_arrival_stone_temple_mockup, layout_loops_ring,
          nicolae_concentric_dashed_squares_mild,
          chequers_serial_rivers_large_a, minmay_unequal
D:2:      layout_loops_ring, corexii_item_surrounded_by_moat,
          nicolae_concentric_dashed_squares_wild, grunt_ministairs_3,
          roderic_serpentine_path
D:3:      layout_loops_ring, uniq_robin
D:4:      layout_cave_pods, serial_shops, nicolae_shop_advertising_works
          [nicolae_subvault_shop_adworks]
D:5:      layout_basic, nicolae_wu_jian_wuxing_cycle
D:6:      layout_loops_cross, minmay_temple_entry_statues_pillars
D:7:      layout_basic, uniq_menkaure
D:8:      layout_basic, lair_entry_dummy, serial_shops, shop
Temple:   nicolae_temple_the_god_donut

Skill      XL: |  1  2  3  4  5  6  7  8 |
---------------+-------------------------+-----
Conjurations   | 2 3 4 5 6 |  6.1
Spellcasting   | 3 4 5 |  5.0
Fire Magic     | 4 5 7 |  7.5
Fighting       | 1 2 |  2.8
Dodging        | |  1.8
Stealth        | |  1.8

Action                   |  1- 3 |  4- 6 |  7- 9 || total
-------------------------+-------+-------+-------++-------
Melee: Tailslap          |     5 |     4 |     5 ||    14
       Unarmed           |     1 |       |       ||     1
       Dagger            |    29 |    34 |    21 ||    84
       Whip              |     4 |       |       ||     4
       Punch             |     1 |     1 |     1 ||     3
 Cast: Foxfire           |    86 |   121 |    86 ||   293
       Scorch            |       |     3 |    25 ||    28
 Abil: Breathe Steam     |       |       |     1 ||     1
  Use: Scroll            |       |       |     7 ||     7
 Stab: Sleeping          |     3 |       |       ||     3
Armor: Skin              |    15 |    19 |    18 ||    52
Dodge: Dodged            |    20 |    26 |    39 ||    85
